[ PARTIDA AOE2 · #505858749 ]
UnrankedItalianos vs Turks
Equipo del jugador · VICT
Equipo rival · DERR
[ ANÁLISIS DE REPETICIÓN · EXTRAÍDO DE LA PARTIDA GRABADA ]
Feudal
8:50
Castillos
20:34
Imperial
34:32
| APM promedio | 65.4 |
| APM pico | 104 |
| eAPM promedio | 26.4 |
| Aldeanos / militares | 132 / 56 |
Foco
⚔️ 45.0% · 🌾 55.0%
Archer ×39 · Spearman ×10 · Monk ×3 · Militia ×3 · Trebuchet (Packed) ×1
Feudal
8:59
Castillos
21:39
Imperial
—
| APM promedio | 34.2 |
| APM pico | 82 |
| eAPM promedio | 19.3 |
| Aldeanos / militares | 93 / 40 |
Foco
⚔️ 28.5% · 🌾 71.5%
Scout Cavalry ×27 · Archer ×8 · Janissary ×2 · Monk ×1 · Spearman ×1 · Cavalry Archer ×1
Mapa de la partida
Recursos iniciales + cada clic de construcción. Líneas = muros · curvas = relieve. ◆ oro · ⬟ piedra · ● bayas · ✦ reliquia · ◌ hueco del cierre
Tu base· ✓ Cerrada en 20:34 · 42t muro · 1 puerta(s)
Base de Rovsea· Abierta — hueco de 7t
Terreno inicial suavizado · ◌ = hueco del cierre detectado · pasá el cursor para detalles
Inputs por minuto
— unfold - - Rovsea
Build order — unfold
Primeras 150 de 279 acciones detectadas
| 0:00 | Encolar | Villager (Male) |
| 0:00 | Encolar | Villager (Male) |
| 0:01 | Construir | House |
| 0:02 | Construir | House |
| 0:08 | Encolar | Villager (Male) |
| 0:10 | Encolar | Villager (Male) |
| 0:11 | Encolar | Villager (Male) |
| 1:27 | Encolar | Villager (Male) |
| 1:58 | Encolar | Villager (Male) |
| 2:13 | Encolar | Villager (Male) |
| 2:16 | Construir | Lumber Camp |
| 2:35 | Construir | House |
| 2:42 | Encolar | Villager (Male) |
| 2:59 | Encolar | Villager (Male) |
| 3:16 | Encolar | Villager (Male) |
| 3:32 | Encolar | Villager (Male) |
| 4:00 | Encolar | Villager (Male) |
| 4:26 | Encolar | Villager (Male) |
| 5:15 | Encolar | Villager (Male) |
| 5:32 | Encolar | Villager (Male) |
| 5:32 | Investigar | Loom |
| 5:34 | Construir | Barracks |
| 6:07 | Construir | House |
| 6:37 | Investigar | Feudal Age |
| 6:40 | Encolar | Militia |
| 6:57 | Encolar | Militia |
| 7:05 | Construir | Mill |
| 7:22 | Encolar | Militia |
| 7:56 | Construir | House |
| 7:56 | Construir | Palisade Wall |
| 8:00 | Encolar | Villager (Male) |
| 8:29 | Construir | Mill |
| 8:45 | Construir | House |
| 8:50 | Edad | Edad Feudal |
| 8:53 | Investigar | Man-at-Arms (upgrade) |
| 8:55 | Encolar | Villager (Male) |
| 9:03 | Construir | Farm |
| 9:06 | Encolar | Villager (Male) |
| 9:34 | Encolar | Villager (Male) |
| 9:35 | Encolar | Spearman |
| 9:37 | Construir | Farm |
| 9:53 | Encolar | Spearman |
| 10:00 | Construir | Farm |
| 10:07 | Construir | Farm |
| 10:20 | Encolar | Villager (Male) |
| 10:21 | Encolar | Villager (Male) |
| 10:26 | Encolar | Spearman |
| 10:26 | Encolar | Spearman |
| 10:41 | Construir | House |
| 10:50 | Construir | Farm |
| 10:51 | Encolar | Villager (Male) |
| 11:10 | Encolar | Villager (Male) |
| 11:15 | Construir | House |
| 11:17 | Encolar | Spearman |
| 11:21 | Construir | Palisade Wall |
| 11:30 | Encolar | Villager (Male) |
| 11:34 | Construir | Farm |
| 11:39 | Encolar | Villager (Male) |
| 11:41 | Construir | Palisade Wall |
| 11:52 | Construir | Palisade Wall |
| 11:53 | Construir | Palisade Wall |
| 11:56 | Encolar | Villager (Male) |
| 12:14 | Investigar | Double-Bit Axe |
| 12:15 | Encolar | Villager (Male) |
| 12:18 | Construir | Farm |
| 12:24 | Construir | Palisade Wall |
| 12:31 | Construir | Palisade Wall |
| 12:32 | Construir | Palisade Gate |
| 12:44 | Construir | Palisade Wall |
| 12:49 | Construir | Farm |
| 13:12 | Construir | Palisade Wall |
| 13:13 | Encolar | Villager (Male) |
| 13:17 | Construir | Mining Camp |
| 13:19 | Construir | Palisade Wall |
| 13:38 | Encolar | Villager (Male) |
| 13:42 | Construir | Palisade Wall |
| 13:44 | Construir | House |
| 13:49 | Construir | House |
| 13:55 | Construir | Farm |
| 14:04 | Encolar | Spearman |
| 14:06 | Construir | House |
| 14:08 | Encolar | Spearman |
| 14:14 | Encolar | Spearman |
| 14:18 | Encolar | Villager (Male) |
| 14:20 | Encolar | Spearman |
| 14:24 | Construir | Palisade Gate |
| 14:36 | Encolar | Spearman |
| 14:43 | Construir | Farm |
| 14:51 | Encolar | Villager (Male) |
| 14:56 | Construir | House |
| 15:12 | Construir | Watch Tower |
| 15:23 | Encolar | Villager (Male) |
| 15:24 | Encolar | Villager (Male) |
| 15:38 | Construir | Farm |
| 15:48 | Encolar | Villager (Male) |
| 15:54 | Construir | Archery Range |
| 16:15 | Encolar | Villager (Male) |
| 16:25 | Encolar | Villager (Male) |
| 16:27 | Encolar | Archer |
| 16:28 | Encolar | Archer |
| 16:45 | Construir | Blacksmith |
| 16:47 | Encolar | Villager (Male) |
| 17:12 | Construir | House |
| 17:37 | Construir | Archery Range |
| 17:45 | Investigar | Castle Age |
| 17:45 | Investigar | Castle Age |
| 18:02 | Construir | Lumber Camp |
| 18:02 | Encolar | Archer |
| 18:11 | Investigar | Fletching |
| 18:11 | Investigar | Fletching |
| 18:17 | Encolar | Archer |
| 18:41 | Encolar | Archer |
| 19:00 | Encolar | Archer |
| 19:09 | Construir | Lumber Camp |
| 19:18 | Encolar | Archer |
| 19:18 | Encolar | Archer |
| 19:31 | Investigar | Gold Mining |
| 19:33 | Investigar | Horse Collar |
| 20:02 | Encolar | Villager (Male) |
| 20:34 | Edad | Edad de los Castillos |
| 20:34 | Investigar | Crossbowman (upgrade) |
| 20:44 | Investigar | Bodkin Arrow |
| 20:47 | Encolar | Archer |
| 21:03 | Construir | Farm |
| 21:06 | Encolar | Villager (Male) |
| 21:08 | Construir | Farm |
| 21:08 | Construir | Farm |
| 21:09 | Construir | Farm |
| 21:23 | Encolar | Archer |
| 21:23 | Encolar | Archer |
| 21:33 | Encolar | Villager (Male) |
| 21:48 | Encolar | Archer |
| 21:48 | Encolar | Archer |
| 21:50 | Encolar | Villager (Male) |
| 21:51 | Encolar | Villager (Male) |
| 22:00 | Encolar | Archer |
| 22:00 | Encolar | Archer |
| 22:02 | Encolar | Villager (Male) |
| 22:04 | Encolar | Villager (Male) |
| 22:07 | Encolar | Archer |
| 22:35 | Encolar | Archer |
| 22:35 | Encolar | Archer |
| 22:37 | Encolar | Villager (Male) |
| 22:37 | Encolar | Villager (Male) |
| 22:51 | Encolar | Archer |
| 22:56 | Encolar | Villager (Male) |
| 23:05 | Encolar | Villager (Male) |
| 23:05 | Encolar | Villager (Male) |
| 23:07 | Construir | Farm |
| 23:08 | Construir | Farm |
Build order — Rovsea
Primeras 150 de 240 acciones detectadas
| 0:00 | Encolar | Villager (Male) |
| 0:01 | Encolar | Villager (Male) |
| 0:01 | Encolar | Villager (Male) |
| 0:01 | Encolar | Villager (Male) |
| 0:02 | Construir | House |
| 0:05 | Construir | House |
| 1:24 | Encolar | Villager (Male) |
| 1:58 | Construir | Lumber Camp |
| 2:00 | Encolar | Villager (Male) |
| 2:13 | Encolar | Villager (Male) |
| 2:13 | Encolar | Villager (Male) |
| 2:47 | Encolar | Villager (Male) |
| 3:08 | Encolar | Villager (Male) |
| 3:09 | Encolar | Villager (Male) |
| 3:24 | Construir | House |
| 3:38 | Encolar | Villager (Male) |
| 3:52 | Encolar | Villager (Male) |
| 4:28 | Construir | Mill |
| 4:31 | Encolar | Villager (Male) |
| 4:31 | Encolar | Villager (Male) |
| 4:41 | Encolar | Villager (Male) |
| 5:24 | Encolar | Villager (Male) |
| 5:40 | Investigar | Loom |
| 6:24 | Encolar | Villager (Male) |
| 6:32 | Construir | House |
| 6:35 | Construir | Palisade Wall |
| 6:49 | Investigar | Feudal Age |
| 7:56 | Construir | Barracks |
| 8:00 | Construir | Palisade Wall |
| 8:03 | Construir | House |
| 8:05 | Construir | Palisade Wall |
| 8:15 | Encolar | Villager (Male) |
| 8:43 | Construir | House |
| 8:59 | Edad | Edad Feudal |
| 9:14 | Construir | Stable |
| 9:19 | Construir | Palisade Wall |
| 9:22 | Encolar | Villager (Male) |
| 9:41 | Construir | House |
| 9:52 | Encolar | Villager (Male) |
| 9:54 | Investigar | Double-Bit Axe |
| 10:00 | Encolar | Scout Cavalry |
| 10:03 | Encolar | Villager (Male) |
| 10:04 | Encolar | Scout Cavalry |
| 10:33 | Encolar | Scout Cavalry |
| 10:34 | Encolar | Villager (Male) |
| 10:47 | Construir | Farm |
| 10:50 | Construir | Farm |
| 10:54 | Encolar | Villager (Male) |
| 11:14 | Encolar | Scout Cavalry |
| 11:20 | Construir | Mill |
| 11:31 | Encolar | Villager (Male) |
| 11:54 | Encolar | Villager (Male) |
| 12:03 | Construir | Archery Range |
| 12:13 | Construir | House |
| 12:19 | Encolar | Villager (Male) |
| 12:36 | Encolar | Villager (Male) |
| 12:45 | Construir | Mining Camp |
| 12:49 | Encolar | Villager (Male) |
| 13:04 | Encolar | Archer |
| 13:13 | Construir | Farm |
| 13:19 | Encolar | Villager (Male) |
| 14:08 | Encolar | Villager (Male) |
| 14:17 | Encolar | Villager (Male) |
| 14:18 | Encolar | Archer |
| 14:40 | Encolar | Archer |
| 14:48 | Construir | Farm |
| 14:50 | Construir | Farm |
| 14:52 | Construir | Farm |
| 14:59 | Encolar | Archer |
| 15:00 | Encolar | Villager (Male) |
| 15:19 | Encolar | Villager (Male) |
| 15:31 | Encolar | Archer |
| 15:33 | Construir | Farm |
| 15:35 | Construir | Farm |
| 15:37 | Construir | Farm |
| 15:42 | Construir | Farm |
| 15:46 | Encolar | Villager (Male) |
| 15:51 | Construir | Farm |
| 15:55 | Construir | Mining Camp |
| 15:59 | Construir | Farm |
| 16:12 | Construir | House |
| 16:15 | Construir | House |
| 16:16 | Encolar | Villager (Male) |
| 16:32 | Encolar | Villager (Male) |
| 16:37 | Construir | Farm |
| 16:51 | Construir | Lumber Camp |
| 16:58 | Encolar | Villager (Male) |
| 17:04 | Encolar | Archer |
| 17:12 | Encolar | Villager (Male) |
| 17:45 | Encolar | Archer |
| 17:48 | Construir | Blacksmith |
| 17:54 | Construir | Blacksmith |
| 17:55 | Construir | Palisade Wall |
| 18:08 | Encolar | Villager (Male) |
| 18:09 | Encolar | Villager (Male) |
| 18:13 | Construir | Farm |
| 18:17 | Construir | Farm |
| 18:24 | Construir | Farm |
| 18:47 | Construir | House |
| 18:48 | Construir | Palisade Wall |
| 18:59 | Investigar | Castle Age |
| 19:08 | Construir | Stable |
| 19:19 | Investigar | Horse Collar |
| 19:33 | Encolar | Spearman |
| 19:39 | Construir | Farm |
| 19:46 | Encolar | Scout Cavalry |
| 19:53 | Construir | House |
| 20:09 | Encolar | Villager (Male) |
| 20:20 | Construir | Farm |
| 20:22 | Encolar | Scout Cavalry |
| 20:33 | Investigar | Bloodlines |
| 20:48 | Construir | House |
| 20:51 | Encolar | Villager (Male) |
| 20:58 | Encolar | Villager (Male) |
| 21:35 | Investigar | Scale Barding Armor |
| 21:39 | Edad | Edad de los Castillos |
| 21:51 | Encolar | Scout Cavalry |
| 21:51 | Encolar | Scout Cavalry |
| 21:55 | Construir | Castle |
| 22:04 | Encolar | Scout Cavalry |
| 23:43 | Construir | Town Center |
| 23:45 | Construir | Town Center |
| 23:52 | Construir | Market |
| 23:54 | Construir | House |
| 23:55 | Construir | Palisade Wall |
| 23:58 | Construir | Palisade Wall |
| 23:59 | Construir | Palisade Wall |
| 24:01 | Encolar | Villager (Male) |
| 24:11 | Encolar | Cavalry Archer |
| 24:17 | Encolar | Janissary |
| 24:32 | Encolar | Villager (Male) |
| 24:39 | Construir | Watch Tower |
| 24:44 | Encolar | Villager (Male) |
| 24:51 | Encolar | Archer |
| 24:54 | Encolar | Janissary |
| 25:05 | Encolar | Villager (Male) |
| 25:05 | Encolar | Villager (Male) |
| 25:13 | Investigar | Fletching |
| 25:17 | Construir | Palisade Wall |
| 25:25 | Construir | House |
| 25:33 | Encolar | Villager (Male) |
| 25:47 | Encolar | Scout Cavalry |
| 25:54 | Encolar | Villager (Male) |
| 25:57 | Encolar | Villager (Male) |
| 25:57 | Encolar | Villager (Male) |
| 26:03 | Construir | Farm |
| 26:07 | Construir | Farm |
| 26:17 | Encolar | Villager (Male) |
| 26:25 | Encolar | Villager (Male) |
| 26:28 | Construir | House |
Cronología de la partida
| 5:34 | unfold · first_building Barracks |
| 6:35 | Rovsea · wall_segment Palisade Wall x9 |
| 7:56 | Rovsea · first_building Barracks |
| 7:56 | unfold · wall_segment Palisade Wall x4 |
| 8:00 | Rovsea · wall_segment Palisade Wall x3 |
| 8:05 | Rovsea · wall_segment Palisade Wall x1 |
| 8:50 | unfold · age_up feudal |
| 8:59 | Rovsea · age_up feudal |
| 9:14 | Rovsea · first_building Stable |
| 9:19 | Rovsea · wall_segment Palisade Wall x1 |
| 11:21 | unfold · wall_segment Palisade Wall x5 |
| 11:41 | unfold · wall_segment Palisade Wall x6 |
| 11:52 | unfold · wall_segment Palisade Wall x2 |
| 11:53 | unfold · wall_segment Palisade Wall x6 |
| 12:03 | Rovsea · first_building Archery Range |
| 12:24 | unfold · wall_segment Palisade Wall x4 |
| 12:31 | unfold · wall_segment Palisade Wall x4 |
| 12:44 | unfold · wall_segment Palisade Wall x4 |
| 13:12 | unfold · wall_segment Palisade Wall x5 |
| 13:19 | unfold · wall_segment Palisade Wall x6 |
| 13:42 | unfold · wall_segment Palisade Wall x1 |
| 15:54 | unfold · first_building Archery Range |
| 17:55 | Rovsea · wall_segment Palisade Wall x1 |
| 18:48 | Rovsea · wall_segment Palisade Wall x7 |
| 20:34 | unfold · age_up castle |
| 21:39 | Rovsea · age_up castle |
| 21:55 | Rovsea · first_building Castle |
| 23:55 | Rovsea · wall_segment Palisade Wall x4 |
| 23:58 | Rovsea · wall_segment Palisade Wall x1 |
| 23:59 | Rovsea · wall_segment Palisade Wall x6 |
| 24:32 | Rovsea · first_market_buy 100 food |
| 25:12 | Rovsea · first_market_sell 100 wood |
| 25:17 | Rovsea · wall_segment Palisade Wall x1 |
| 26:39 | Rovsea · wall_segment Palisade Wall x1 |
| 27:05 | Rovsea · first_building Monastery |
| 28:53 | unfold · first_building Monastery |
| 32:43 | unfold · first_building Castle |
| 34:32 | unfold · age_up imperial |
| 34:44 | Rovsea · resign |
[ ANÁLISIS IA · 1 CRÉDITO ]
¿Qué pasó realmente en esta partida?
Wolo.gg analiza cada decisión: build order, eco, micro, errores típicos por bracket. Análisis personalizado por WhatsApp o Discord en 30 segundos.
Guía civ
Italianos
Perfil
Jugador #20944940